 Dungeon Crawl Stone Soup version 0.31.0-11-ge490571c62 (webtiles) character file.

Game seed: 14447404758140841630

863 Gadfly the Ruffian (level 7, -4/46 (52) HPs)
             Began as a Demonspawn Shapeshifter on Jan 27, 2024.
             Killed from afar by Blork the orc (7 damage)
             ... with a magic dart
             ... on level 5 of the Dungeon.
             The game lasted 00:07:41 (4423 turns).

Gadfly the Ruffian (Demonspawn Shapeshifter)        Turns: 4423, Time: 00:07:42

HP:   -4/46 (52)    AC:  3    Str: 16    XL:     7   Next: 72%
MP:   7/7           EV: 13    Int: 10    God:
Gold: 344           SH:  0    Dex: 13    Spells: 6/6 levels left

rFire   . . .        b - +0 trident (chaos)
rCold   + . .        (no shield)
rNeg    . . .        a - +0 animal skin
rPois   .            (helmet currently unavailable)
rElec   .            (cloak currently unavailable)
rCorr   .            (gloves currently unavailable)
SInv    .            (boots currently unavailable)
Will    .....        l - amulet of the acrobat
Stlth   +            n - ring of protection from cold
HPRegen 0.27/turn    (no ring)
MPRegen 0.10/turn

%: acrobat
@: beast-form, heavily drained
A: beast (slay +2), horns 2, powered by pain 2, sharp scales 1
a: Begin Untransformation


You were on level 5 of the Dungeon.
You were a hulking beast.
You visited 1 branch of the dungeon, and saw 5 of its levels.

You collected 344 gold pieces.

Inventory:

Hand Weapons
 b - a +0 trident of chaos (weapon)
 q - a +1 short sword of protection
Armour
 a - a +0 animal skin (worn)
Jewellery
 l - an amulet of the acrobat (around neck)
 n - a ring of protection from cold (left hand)
Talismans
 c - a beast talisman
 d - a flux talisman
Scrolls
 i - 3 scrolls of teleportation
 m - a scroll of vulnerability {unknown}
Potions
 e - a potion of lignification
 f - a potion of curing
 g - a potion of haste
 h - a potion of heal wounds {unknown}
 j - a potion of mutation {unknown}
 k - a potion of berserk rage {unknown}
 o - a potion of magic {unknown}
 s - a potion of ambrosia {unknown}


   Skills:
 + Level 3.2 Fighting
 + Level 3.9 Dodging
 * Level 4.4 Unarmed Combat
 * Level 4.2 Evocations
 * Level 4.1 Shapeshifting


You had 6 spell levels left.
You didn't know any spells.
Your spell library contained the following spells:

 Spells                   Type           Power      Damage    Failure   Level
 Sting                    Conj/Alch      0%         1d3       36%         1
 Blink                    Tloc           0%         N/A       50%         2
 Lesser Beckoning         Tloc           0%         N/A       50%         2
 Mercury Vapours          Alch/Air       0%         N/A       50%         2
 Momentum Strike          Conj/Tloc      0%         3d8       50%         2
 Olgreb's Toxic Radiance  Alch           0%         N/A       98%         4


Dungeon Overview and Level Annotations

Branches:
Dungeon (5/15)
 Temple: D:4-7

Altars:
Trog

Annotations:
D:5 Blork the orc


Innate Abilities, Weirdness & Mutations

You are a hulking beast.
Your limbs bulge with bestial killing power. (Slay +2)
You have a pair of horns on your head.
You sometimes gain power by taking damage.
You are partially covered in razor-sharp scales. (AC +1, Slay +1)


Message History

The bombardier beetle barely misses you.
You hit the bombardier beetle but do no damage.
The bombardier beetle is severely wounded.
Blork the orc gestures wildly while chanting.
Blork the orc seems to speed up.
The bombardier beetle misses you.
You hit the bombardier beetle. You freeze the bombardier beetle.
You kill the bombardier beetle!
Blork the orc screams, "I'll cover the dungeon with your blood!"
Blork the orc points at you and mumbles some strange words.
The puff of flame misses you.
Blork the orc looks encouraged for a moment.
Blork the orc screams, "I'll break your legs!"
You see here a bombardier beetle corpse.
You completely miss Blork the orc. You headbutt Blork the orc.
You punch Blork the orc.
Blork the orc is lightly wounded.
Blork the orc misses you.
You hit Blork the orc. You headbutt Blork the orc.
Blork the orc is moderately wounded.
Blork the orc hits you with a +2 dire flail of draining!
You feel drained.
Blork the orc hits you with a +2 dire flail of draining!
You feel drained.
You are too injured to fight recklessly!
You are too injured to fight recklessly!
You are too injured to fight recklessly!
You are too injured to fight recklessly!
You are too injured to fight recklessly!
Unknown command.
You hit Blork the orc.
Blork the orc is heavily wounded.
Blork the orc closely misses you.
Blork the orc hits you with a +2 dire flail of draining!!
* * * LOW HITPOINT WARNING * * *
You feel drained.
You hit Blork the orc. You burn Blork the orc.
Blork the orc is heavily wounded.
Blork the orc points at you and mumbles some strange words.
The magic dart hits you!
You die...

....#....#............##
##########..#######...#
#...##..##..###..##...##
#...........#.... #....#
+...........#... #..>.#
##..##..######.# ######
##..##..###.##.####...#
'....#................##
#....'..........ho.....+
#..###...##....##.....##
######...##....# ###+##
#.......#....+
#....(..#....#
##..##.###..##
#####'###..# #....#...
##....#...#


You could see Blork the orc (fast).

Vanquished Creatures
  2 ogres (D:5)
  A centaur (D:4)
  2 scorpions (D:5)
  A bombardier beetle (D:5)
  2 hounds (D:5)
  An orc priest (D:3)
  A gnoll bouda (D:3)
  2 iguanas (D:5)
  A jelly (D:5)
  An orc wizard (D:3)
  5 gnolls (D:3)
  9 adders
  2 white imps (D:5)
  10 dart slugs
  5 ribbon worms
  6 orcs (D:3)
  5 endoplasms
  A giant cockroach (D:1)
  6 goblins
  5 hobgoblins
  5 kobolds
  A quokka (D:3)
  6 ball pythons
  3 bats (D:1)
  4 frilled lizards
  4 rats
91 creatures vanquished.

Notes
Turn   | Place    | Note
-------+----------+-------------------------------------------
     0 | D:1      | Gadfly the Demonspawn Shapeshifter began the quest for the
                  | Orb.
     0 | D:1      | Reached XP level 1. HP: 15/15 MP: 1/1
   161 | D:1      | Gained mutation: You have a pair of small horns on your
                  | head. [demonic ancestry]
   161 | D:1      | Reached XP level 2. HP: 19/21 MP: 2/2
   350 | D:1      | Reached skill level 1 in Evocations
   785 | D:1      | Found a faded altar of an unknown god.
   945 | D:2      | Reached XP level 3. HP: 26/26 MP: 3/3
  1417 | D:2      | Found a bloodstained altar of Trog.
  1829 | D:3      | Gained mutation: You are partially covered in razor-sharp
                  | scales. (AC +1, Slay +1) [demonic ancestry]
  1829 | D:3      | Reached XP level 4. HP: 33/33 MP: 4/4
  2032 | D:3      | Gained mutation: You sometimes gain a little power by
                  | taking damage. [demonic ancestry]
  2032 | D:3      | Reached XP level 5. HP: 5/38 MP: 5/5
  3192 | D:4      | Noticed a centaur
  3200 | D:4      | Killed a centaur
  3201 | D:4      | Gained mutation: You have a pair of horns on your head.
                  | [demonic ancestry]
  3201 | D:4      | Reached XP level 6. HP: 46/46 MP: 6/6
  3560 | D:5      | Entered Level 5 of the Dungeon
  3830 | D:5      | Gained mutation: You sometimes gain power by taking damage.
                  | [demonic ancestry]
  3830 | D:5      | Reached XP level 7. HP: 39/51 MP: 7/7
  4413 | D:5      | Noticed Blork the orc
  4423 | D:5      | Killed from afar by Blork the orc

Illustrated notes

Levels and vault maps discovered:
D:1:      grunt_arrival_lava_bath, layout_basic,
          shapermc_ecumenical_altar_mp_urbaneastern
D:2:      layout_basic, basic_altar, hangedman_decor_push
D:3:      kennysheep_slugbush, layout_basic, feat_on_display
D:4:      layout_basic, item_on_display_b
D:5:      layout_gridville, grunt_ministairs_10, uniq_blork_the_orc

Skill      XL: |  1  2  3  4  5  6  7 |
---------------+----------------------+-----
Dodging        | 2 3 |  3.9
Evocations     | 1 2 3 4 |  4.2
Unarmed Combat | 3 4 |  4.4
Shapeshifting  | 3 4 |  4.1
Fighting       | 2 3 |  3.2

Action                     |  1- 3 |  4- 6 |  7- 9 || total
---------------------------+-------+-------+-------++-------
  Melee: Unarmed           |    38 |       |       ||    38
         Punch             |     4 |     2 |     1 ||     7
         Trident           |    66 |   103 |    46 ||   215
         Headbutt          |     8 |    11 |     9 ||    28
    Use: Scroll            |     2 |     4 |     1 ||     7
         Potion            |       |     1 |       ||     1
   Stab: Sleeping          |     4 |     2 |     2 ||     8
 Armour: Animal skin       |    40 |    53 |    23 ||   116
         Skin              |       |    12 |       ||    12
  Dodge: Dodged            |    58 |    58 |    36 ||   152
